 Dungeon Crawl Stone Soup version 0.30-b1-2-g02819fbbbe (webtiles) character file.

Game seed: 18321339863520168810

85 Alarkh the Digger (level 4, -1/30 HPs)
             Began as a Demonspawn Earth Elementalist on May 29, 2023.
             Killed by divine providence
             ... invoked by an orc priest
              (14 damage)
             ... on level 3 of the Dungeon.
             The game lasted 00:02:57 (2110 turns).

Alarkh the Digger (Demonspawn Earth Elementalist)   Turns: 2110, Time: 00:02:59

Health: -1/30      AC:  9    Str:  8    XL:     4   Next: 25%
Magic:  1/8        EV: 11    Int: 19    God:
Gold:   149        SH:  0    Dex: 13    Spells: 7/8 levels left

rFire   . . .        (no weapon)
rCold   . . .        (no shield)
rNeg    . . .        h - +0 ring mail
rPois   .            m - +2 helmet
rElec   .            q - +0 cloak
rCorr   .            (no gloves)
SInv    .            (no boots)
Will    .....        (no amulet)
Stlth   ++           (no ring)
HPRegen 0.25/turn    (no ring)
MPRegen 0.11/turn

%: no passive effects
@: brilliant, very slightly contaminated
A: demonic guardian 1, sturdy frame 2
a: no special abilities


You were on level 3 of the Dungeon.
You visited 1 branch of the dungeon, and saw 3 of its levels.

You collected 149 gold pieces.

Inventory:

Armour
 a - a +0 robe
 h - a +0 ring mail (worn)
 m - a +2 helmet (worn)
 q - a +0 cloak (worn)
Scrolls
 d - a scroll of brand weapon {unknown}
 f - a scroll of magic mapping {unknown}
 i - a scroll of fear {unknown}
 j - a scroll of blinking
 l - a scroll of amnesia {unknown}
 o - a scroll of vulnerability {unknown}
 p - a scroll of teleportation {unknown}
Potions
 b - 3 potions of magic
 c - a potion of curing
 e - a potion of flight
 g - 2 potions of brilliance
 k - a potion of attraction
 n - a potion of resistance {unknown}


   Skills:
 - Level 1.7 Dodging
 - Level 1.7 Stealth
 + Level 2.9 Spellcasting
 - Level 0.8 Transmutations
 * Level 4.1 Earth Magic


You had 7 spell levels left.
You knew the following spells:

 Your Spells              Type           Power      Damage    Failure   Level
a - Sandblast             Erth           54%        2d13      3%          1

Your spell library contained the following spells:

 Spells                   Type           Power      Damage    Failure   Level
 Passwall                 Tmut/Erth      15%        N/A       11%         2
 Stone Arrow              Conj/Erth      30%        3d8       24%         3
 Petrify                  Tmut/Erth      18%        N/A       56%         4


Dungeon Overview and Level Annotations

Branches:
Dungeon (3/15)

Altars:

Shops:
D:2 =


Innate Abilities, Weirdness & Mutations

A weak demonic guardian rushes to your aid.
Your movements are less encumbered by armour. (ER -4)


Message History

Beogh smites you!
Casting: Sandblast (safe; 3% risk of failure)
Confirm with . or Enter, or press ? or * to list all spells.
Aiming: Sandblast (safe; 3% risk of failure)
Press: ? - help, Shift-Dir - straight line, f - orc
Aim: an orc, wielding a +0 whip (82% to hit)
The blast of sand hits the orc!
You kill the orc!
Casting: Sandblast (safe; 3% risk of failure)
Confirm with . or Enter, or press ? or * to list all spells.
Aiming: Sandblast (safe; 3% risk of failure)
Press: ? - help, Shift-Dir - straight line, f - orc priest
Aim: an orc priest, wielding a +0 club (82% to hit)
You miscast Sandblast.
You are very lightly contaminated with residual magic.
Nothing appears to happen.
The orc priest begins to cast a cantrip, but forgets the words!
Casting: Sandblast (safe; 3% risk of failure)
Confirm with . or Enter, or press ? or * to list all spells.
Aiming: Sandblast (safe; 3% risk of failure)
Press: ? - help, Shift-Dir - straight line, f/p - orc priest
Aim: an orc priest, wielding a +0 club (82% to hit)
You miscast Sandblast.
Nothing appears to happen.
The orc priest hits you but does no damage.
The orc priest attacks as you move away!
The orc priest completely misses you.
The orc priest attacks as you move away!
The orc priest barely misses you.
The orc priest calls down the wrath of Beogh upon you.
Beogh smites you!
* * * LOW HITPOINT WARNING * * *
A demonic guardian appears!
Your shadow imp completely misses the orc priest.
It was a potion of brilliance.
You feel clever all of a sudden.
Your shadow imp hits the orc priest.
You feel better.
The orc priest mumbles some strange prayers to Beogh against you.
Beogh smites you!
You die...

#.## #..#...#
8.8######..#†###
#.##.........#
#.##.........#
#.##.........#
8.8#.........#
#.###################
#.##8##8##8##....5..#
.)..........'...@o#.#$.#
#.##8##8##8##...#.#o#(.#
#.#############.#.#.#..#
8.8 #.#.#)#o.# #.##
#.#.#.#..# #.##
#.#.#)#oo## 8.8#
#.###.#)..# #.# #.#
#.#..## #.## #.# #.....#


You could see an orc priest (ally target) and a friendly shadow imp (summoned).

Vanquished Creatures
  2 adders
  3 dart slugs
  4 orcs (D:3)
  7 bats
  6 endoplasms
  4 giant cockroaches
  2 goblins (D:1)
  2 hobgoblins (D:1)
  6 jackals
  4 quokkas
  5 frilled lizards
  2 kobolds
  6 rats
53 creatures vanquished.

Notes
Turn   | Place    | Note
-------+----------+-------------------------------------------
     0 | D:1      | Alarkh the Demonspawn Earth Elementalist began the quest
                  | for the Orb.
     0 | D:1      | Reached XP level 1. HP: 13/13 MP: 3/3
    18 | D:1      | You fall into a shaft and drop 1 floor!
   106 | D:1      | Found a faded altar of an unknown god.
   157 | D:1      | Reached skill level 3 in Earth Magic
   200 | D:1      | Gained mutation: Your movements are slightly less
                  | encumbered by armour. (ER -2) [demonic ancestry]
   200 | D:1      | Reached XP level 2. HP: 18/19 MP: 1/5
   582 | D:1      | Gained mutation: Your movements are less encumbered by
                  | armour. (ER -4) [demonic ancestry]
   582 | D:1      | Reached XP level 3. HP: 24/24 MP: 4/6
  1030 | D:2      | Found Diylurewn's Jewellery Emporium.
  1699 | D:3      | Reached skill level 4 in Earth Magic
  1699 | D:3      | Gained mutation: A weak demonic guardian rushes to your
                  | aid. [demonic ancestry]
  1699 | D:3      | Reached XP level 4. HP: 30/30 MP: 2/8
  2106 | D:3      | HP: 1/30 [orc priest/divine providence (11)]
  2110 | D:3      | Killed from afar by an orc priest

Illustrated notes

Levels and vault maps discovered:
D:1:      zelgadis_glass_arrival_small, layout_basic,
          hellmonk_ecumenical_altar_dog_temple, minmay_misc_feat_chi
D:2:      layout_loops_ring, serial_shops, nicolae_lakefront_shop
D:3:      layout_basic, dk_noncrumbling_2, amcnicky_mini_corridor_feature

Skill      XL: |  1  2  3 |
---------------+----------+-----
Earth Magic    | 3 4 |  4.1
Dodging        | |  1.7
Stealth        | |  1.7
Spellcasting   | |  2.9
Transmutations | |  0.8

Action                     |  1- 3 |  4- 6 || total
---------------------------+-------+-------++-------
  Melee: Unarmed           |     5 |       ||     5
   Cast: Sandblast         |    57 |    16 ||    73
    Use: Scroll            |     6 |       ||     6
         Potion            |       |     2 ||     2
 Armour: Robe              |     1 |       ||     1
         Ring mail         |     3 |     7 ||    10
  Dodge: Dodged            |    18 |     3 ||    21
